 Dungeon Crawl Stone Soup version 0.31-a0-750-gfe7b580527 (webtiles) character file.

Game seed: 13618336851093270946

9247 randomguy2701 the Cleaver (level 11, -17/95 HPs)
             Began as a Hill Orc Fighter on Sept 15, 2023.
             Was an Elder of Beogh.
             Killed from afar by Erolcha (25 damage)
             ... with a fireball
             ... on level 10 of the Dungeon.
             The game lasted 00:19:53 (13464 turns).

randomguy2701 the Cleaver (Hill Orc Fighter)       Turns: 13464, Time: 00:19:53

Health: -17/95     AC: 20    Str: 22    XL:     11   Next: 43%
Magic:  2/5        EV:  5    Int: 14    God:    Beogh [****..]
Gold:   559        SH: 13    Dex: 12    Spells: 10/10 levels left

rFire   . . .        j - +3 war axe (antimagic)
rCold   . . .        N - +0 tower shield
rNeg    . . .        b - +0 plate armour
rPois   .            (no helmet)
rElec   .            G - +1 cloak
rCorr   .            J - +0 pair of gloves
SInv    .            H - +1 pair of boots
Will    .....        (no amulet) Stlth
                     v - +6 ring of intelligence
HPRegen 0.35/turn    (no ring)
MPRegen 0.09/turn

%: no passive effects
@: no status effects
A: no striking features
a: Renounce Religion, Smiting, Recall Orcish Followers


You were on level 10 of the Dungeon.
You worshipped Beogh.
Beogh was greatly pleased with you.
You visited 1 branch of the dungeon, and saw 10 of its levels.
You also visited: Sewer.

You collected 559 gold pieces.

Inventory:

Hand Weapons
 a - a +0 war axe
 j - a +3 antimagic war axe (weapon)
 A - the +11 sling "Quaz" {elec, rC+ Str+2}
   (You found it on level 5 of the Dungeon)

   Str+2:     It affects your strength (+2).
   rC+:       It protects you from cold.
Armour
 b - a +0 plate armour (worn)
 G - a +1 cloak (worn)
 H - a +1 pair of boots (worn)
 I - the +4 skin of Zhor {*Englaciate rC+++ SInv}
   (You found it on level 8 of the Dungeon)

   *Englaciate: It radiates cold, occasionally slowing all nearby creatures who
   are not resistant to cold.
   rC+++:     It renders you almost immune to cold.
   SInv:      It lets you see invisible.
 J - a +0 pair of gloves (worn)
 N - a +0 tower shield (worn)
Jewellery
 v - a +6 ring of intelligence (left hand)
 y - a ring of protection from fire
 z - a ring of fire
 F - an amulet of magic regeneration
 M - a ring of protection from fire
Wands
 w - a wand of flame (47)
 B - a wand of acid (5)
 C - a wand of polymorph (2)
 D - a wand of roots (8)
 K - a wand of charming (1)
Scrolls
 e - a scroll of identify
 i - 2 scrolls of enchant weapon
 k - 4 scrolls of immolation
 m - 2 scrolls of noise {unknown}
 s - 3 scrolls of teleportation
 t - 2 scrolls of vulnerability {unknown}
 x - a scroll of revelation {unknown}
 E - a scroll of torment {unknown}
 L - a scroll of brand weapon {unknown}
Potions
 d - 2 potions of might
 f - 3 potions of lignification
 g - a potion of ambrosia
 h - 3 potions of degeneration
 l - 5 potions of curing
 n - a potion of invisibility
 o - 4 potions of haste
 p - a potion of magic
 q - 2 potions of resistance
 r - 2 potions of cancellation
 u - 2 potions of attraction {unknown}


   Skills:
 + Level 8.8 Fighting
 + Level 14.4 Axes
 + Level 9.1 Armour
 + Level 3.7 Dodging
 + Level 1.5 Stealth
 + Level 5.9 Shields
 * Level 7.9 Invocations


You had 10 spell levels left.
You didn't know any spells.
Your spell library contained the following spells:

 Spells                   Type           Power      Damage    Failure   Level
 Sting                    Tmut/Pois      0%         1d3       100%        1
 Ensorcelled Hibernation  Hex/Ice        0%         N/A       100%        2
 Jinxbite                 Hex            0%         N/A       100%        2
 Poisonous Vapours        Pois/Air       0%         N/A       100%        2
 Static Discharge         Conj/Air       0%         2-2/arc   100%        2
 Airstrike                Air            0%         2d(0-16)  100%        4
 Anguish                  Hex/Necr       0%         N/A       100%        4
 Olgreb's Toxic Radiance  Pois           0%         N/A       100%        4
 Passage of Golubria      Tloc           0%         N/A       100%        4
 Summon Lightning Spire   Summ/Air       0%         N/A       100%        4
 Iskenderun's Battlesphe  Conj           0%         2d6       100%        5
 Silence                  Hex/Air        0%         N/A       100%        5
 Leda's Unmaking          Conj/Erth      0%         9d1       100%        6
 Spellforged Servitor     Conj/Summ      0%         N/A       100%        7
 Lehudib's Crystal Spear  Conj/Erth      0%         10d2      100%        8


Dungeon Overview and Level Annotations

Branches:
Dungeon (10/15)            Temple (0/1) D:6             Orc (0/2) D:9
  Sewer (visited)
   Lair: D:8-11

Altars:
Ashenzari
Elyvilon
Kikubaaqudgha
Wu Jian
Xom
The Shining One

Annotations:
D:10 Erolcha


Message History

Erolcha mumbles some strange words.
Erolcha blinks!
There is an open door here.
Erolcha casts a spell at you.
The fireball explodes!
The fireball engulfs you.
The fireball engulfs Hilgar!!
Erolcha gestures wildly while chanting.
Erolcha flickers and vanishes!
Deactivating autopickup; reactivate with Ctrl-A.
No target in view!
Unknown command.
Something hits you but does no damage.
You hit something. Something hits you!
Aiming: Smiting
Press: ? - help, Dir - move target You smite something!!
Unknown command.
You don't have enough magic at the moment.
You hit something.
You hear some strange, mumbled words.
A fireball appears from out of thin air!
The fireball explodes!
The fireball engulfs you!!
The fireball engulfs your orc warrior!!!
Your orc warrior dies!
The fireball engulfs Hilgar!!
The fireball engulfs something!!
Okay, then.
You barely miss something. Something hits you!!
You hit something but do no damage. Something hits you!!
* * * LOW HITPOINT WARNING * * *
Unknown command.
You closely miss something.
Unknown command.
You hit something. Something hits you!
* * * LOW HITPOINT WARNING * * *
Unknown command.
Things that are here:
a +2 whip of pain; a +0 leather armour; an orc corpse You hear some strange, mumbled words.
A fireball appears from out of thin air!
The fireball explodes!
The fireball engulfs you!!
You die...

##'###########.
#.## #..##
##..#
#####o####
#........#
#.....o..#
#....oo..#
#....{@..+
+........#
#........#
#........#
#........#
#######.## .#
.#


You could see the friendly Hilgar the orc knight, 2 friendly orc warriors and a
friendly orc.

Vanquished Creatures
  2 centaur warriors (D:9)
  A cyclops (D:9)
  A gargoyle (D:10)
  An unseen horror (D:9)
  A hornet (D:9)
  A slime creature (D:5)
  Sigmund (D:6)
  A yak (D:9)
  A steam dragon (D:6)
  Edmund (D:6)
  An acid dragon (D:9)
  6 water moccasins
  A black bear (D:6)
  2 ice beasts
  3 sky beasts
  3 centaurs
  The ghost of cforsyth the Trooper, an amateur DjCK of Xom (D:3)
  2 ogres
  A phantom (D:5)
  Blork the orc (D:6)
  2 gnoll sergeants
  6 kobold brigands
  A bullfrog (D:6)
  3 scorpions
  4 wights
  A howler monkey (D:6)
  7 hounds
  10 jellies
  3 orc priests (D:6)
  2 gnoll boudas
  3 sleepcaps
  5 orc wizards
  An iguana (D:5)
  A scorpion simulacrum (D:3)
  23 gnolls
  4 river rats
  9 adders
  A hound simulacrum (D:3)
  3 shadow imps
  A white imp (D:6)
  2 ufetubi
  3 worms
  6 dart slugs
  2 adder simulacra (D:3)
  8 orcs
  16 ball pythons
  A bat zombie (D:9)
  8 endoplasms
  4 giant cockroaches
  6 goblins
  6 hobgoblins
  6 jackals
  4 quokkas
  3 bats
  5 frilled lizards
  32 kobolds
  19 rats
  A rat zombie (D:9)
  A butterfly (D:6)
255 creatures vanquished.

Vanquished Creatures (collateral kills)
  A rakshasa (D:9)
  A two-headed ogre (D:8)
  A slime creature (D:5)
  A wyvern (D:8)
  5 yaks (D:9)
  An acid dragon (D:8)
  A water moccasin (D:6)
  2 sky beasts
  A kobold brigand (D:9)
  A bullfrog (D:7)
  4 wights
  A jelly (D:8)
  A gnoll bouda (D:9)
  A sleepcap (D:6)
  An orc wizard (D:6)
  2 gnolls
  A hound simulacrum (D:3)
  The ghost of cforsyth the Sneak, a weakling DjDe (D:5)
  9 orcs
  2 kobolds (D:9)
  A butterfly (D:6)
39 creatures vanquished.

Vanquished Creatures (others)
  3 orc warriors
  2 orc priests
  20 orcs
25 creatures vanquished.

Grand Total: 319 creatures vanquished

Notes
Turn   | Place    | Note
-------+----------+-------------------------------------------
     0 | D:1      | randomguy2701 the Hill Orc Fighter began the quest for the
                  | Orb.
     0 | D:1      | Reached XP level 1. HP: 19/19 MP: 1/1
   231 | D:1      | Reached XP level 2. HP: 21/27 MP: 2/2
   283 | D:1      | Found a faded altar of an unknown god.
   518 | D:1      | Reached skill level 3 in Axes
   518 | D:1      | Reached XP level 3. HP: 33/33 MP: 3/3
  1268 | D:2      | Reached XP level 4. HP: 40/40 MP: 4/4
  1655 | D:2      | Reached skill level 4 in Axes
  2071 | D:3      | Reached XP level 5. HP: 47/47 MP: 5/5
  2128 | D:3      | Found a runed translucent gate.
  2128 | D:3      | Found a runed translucent gate.
  2129 | D:3      | Found a runed translucent gate.
  2223 | D:3      | Noticed a water moccasin
  2238 | D:3      | Killed a water moccasin
  2239 | D:3      | Reached skill level 5 in Axes
  2239 | D:3      | Reached XP level 6. HP: 18/53 MP: 2/6
  2489 | D:3      | Became a worshipper of Beogh the Brigand
  2494 | D:3      | Identified the +2 dagger of Defence by Offence {venom,
                  | Fragile Dex+4}
  2658 | D:3      | Found a broken altar of Ashenzari.
  2727 | D:3      | Noticed cforsyth's ghost (amateur DjCK)
  2793 | D:4      | Identified the +6 whip "Woecsuum" {drain, rPois SInv}
  2840 | D:4      | Reached skill level 1 in Dodging
  2947 | D:4      | Reached skill level 6 in Axes
  2995 | D:4      | Found a glowing drain.
  3014 | Sewer    | Entered a sewer
  3085 | Sewer    | Reached * piety under Beogh
  3095 | Sewer    | Reached skill level 5 in Armour
  3199 | Sewer    | Reached XP level 7. HP: 45/60 MP: 2/7
  3400 | Sewer    | Reached skill level 5 in Fighting
  3498 | Sewer    | Reached ** piety under Beogh
  3799 | D:4      | Reached skill level 7 in Axes
  3921 | D:4      | Found an ornate altar of the Wu Jian Council.
  4265 | D:5      | Entered Level 5 of the Dungeon
  4331 | D:5      | Found a glowing golden altar of the Shining One.
  4494 | D:5      | Identified the +11 sling "Quaz" {elec, rC+ Str+2}
  4513 | D:5      | Reached XP level 8. HP: 67/68 MP: 2/8
  4529 | D:5      | HP: 2/69 [gnoll/+0 spear[a gnoll sergeant] (7)]
  4538 | D:5      | HP: 3/69 [gnoll/+0 spear[a gnoll sergeant] (1)]
  4756 | D:5      | Reached skill level 8 in Axes
  5152 | D:5      | Found a runed translucent door.
  5156 | D:5      | Noticed cforsyth's ghost (weakling DjDe)
  5233 | D:5      | Reached skill level 9 in Axes
  5483 | D:5      | Noticed a slime creature
  5483 | D:5      | Noticed a slime creature
  5489 | D:5      | Reached skill level 5 in Shields
  5873 | D:5      | Reached *** piety under Beogh
  5874 | D:5      | Reached XP level 9. HP: 60/78 MP: 3/9
  6055 | D:5      | HP: 1/78 [slime creature (18)]
  6492 | D:6      | Noticed Blork the orc
  6505 | D:6      | Killed Blork the orc
  6651 | D:6      | Found a staircase to the Ecumenical Temple.
  6703 | D:6      | Reached skill level 10 in Axes
  7269 | D:6      | Noticed Sigmund
  7269 | D:6      | Noticed Edmund
  7274 | D:6      | Reached skill level 1 in Invocations
  7281 | D:6      | Killed Edmund
  7285 | D:6      | Killed Sigmund
  7474 | D:6      | Found a shimmering altar of Xom.
  7585 | D:6      | Found a white marble altar of Elyvilon.
  7595 | D:6      | Reached skill level 11 in Axes
  8005 | D:6      | Gained Hilgar as an ally
  8143 | D:6      | Reached XP level 10. HP: 86/86 MP: 4/13
  8405 | D:3      | Killed cforsyth's ghost
  8421 | D:3      | Reached **** piety under Beogh
  8618 | D:5      | Killed cforsyth's ghost
  8788 | D:7      | Reached skill level 12 in Axes
  9022 | D:7      | Reached skill level 5 in Invocations
 10352 | D:8      | Reached skill level 1 in Stealth
 10426 | D:8      | Found the +4 skin of Zhor {*Englaciate rC+++ SInv}
 10609 | D:8      | Noticed a two-headed ogre
 10615 | D:8      | Killed a two-headed ogre
 11525 | D:9      | Noticed an unseen horror
 11534 | D:9      | Killed an unseen horror
 11809 | D:9      | Reached skill level 13 in Axes
 12192 | D:9      | Reached XP level 11. HP: 59/94 MP: 5/16
 12370 | D:9      | Found a staircase to the Orcish Mines.
 12536 | D:9      | Noticed a rakshasa
 12546 | D:9      | Paralysed by a hornet for 1 turns
 12664 | D:9      | Noticed a centaur warrior
 12673 | D:9      | Killed a centaur warrior
 12710 | D:9      | Noticed a centaur warrior
 12722 | D:9      | Killed a centaur warrior
 12723 | D:9      | Reached skill level 14 in Axes
 12728 | D:9      | Killed a rakshasa
 12958 | D:9      | Noticed a cyclops
 12964 | D:9      | Killed a cyclops
 13130 | D:9      | Found an ancient bone altar of Kikubaaqudgha.
 13264 | D:10     | Entered Level 10 of the Dungeon
 13450 | D:10     | Noticed Erolcha
 13464 | D:10     | Killed from afar by Erolcha

Illustrated notes

Levels and vault maps discovered:
D:1:      dpeg_arrival_circle_labyrinth_a, layout_basic,
          hellmonk_ecumenical_altar_lost_god
D:2:      layout_basic, chequers_serial_rivers_room_a
D:3:      layout_rooms, nicolae_ashenzari_skybound, gammafunk_ghost_icy,
          minmay_misc_feat_room, kennysheep_generic_room_11
D:4:      layout_cave_pools, mainiacjoe_overflow_small_starburst,
          gup_sewer_entry_bubbles
D:5:      cheibrodos_fertilizer, layout_loops_ring,
          nicolae_tso_swordbearing_angel, ebering_ghost_reflecting_pool
D:6:      layout_loops_ring, xom_butterflies,
          minmay_temple_entry_enclosed_plants, minmay_ruined_shrine,
          uniq_sigmund, uniq_blork_the_orc, uniq_edmund
D:7:      wander_river, layout_loops_ring
D:8:      layout_loops_cross
D:9:      minmay_chambers_of_sixes, layout_long_grid,
          lemuel_zombie_altar_kikubaaqudgha, hiddenorc1_lemuel
D:10:     layout_roguey, mainiacjoe_overflow_swirl, uniq_grum, uniq_fannar,
          uniq_erolcha

Skill      XL: |  1  2  3  4  5  6  7  8  9 10 11 |
---------------+----------------------------------+-----
Fighting       | 4 5 6 7 8 |  8.8
Axes           | 3 4 5 6 7 9 11 13 14 | 14.4
Armour         | 4 5 6 7 8 9 |  9.1
Shields        | 4 5 |  5.9
Dodging        | 1 2 3 |  3.7
Invocations    | 4 6 7 |  7.9
Stealth        | 1 |  1.5

Action                     |  1- 3 |  4- 6 |  7- 9 | 10-12 || total
---------------------------+-------+-------+-------+-------++-------
  Melee: War axe           |    76 |   185 |   327 |   235 ||   823
 Invoke: Convert to Beogh  |       |     1 |       |       ||     1
         Recall Orcish Fol |       |       |       |     7 ||     7
         Smiting           |       |       |       |     2 ||     2
    Use: Scroll            |       |       |       |    12 ||    12
   Stab: Distracted        |       |       |       |     1 ||     1
 Armour: Scale mail        |    57 |   131 |   243 |    90 ||   521
         Plate armour      |       |       |       |   124 ||   124
         Animal skin       |       |       |       |     6 ||     6
  Dodge: Dodged            |    32 |    91 |   124 |    86 ||   333
  Block: Buckler           |    15 |    51 |    75 |    48 ||   189
         Tower shield      |       |       |       |     4 ||     4

Table legend: (Time is in decaauts)
 A = Elapsed time spent in this place.
 B = Non-inter-level travel time spent in this place.
 C = Inter-level travel time spent in this place.
 D = Time resting spent in this place.
 E = Time spent auto-exploring this place.
 F = Levels seen in this place.
 G = Mean time per level.
                   A        B        C        D        E       F      G
               +--------+--------+--------+--------+--------+-----+--------+
         Total |  13637 |  12489 |   1148 |   1062 |   9443 |  11 | 1239.7 |
       Dungeon |  12860 |  11712 |   1148 |   1062 |   8841 |  10 | 1286.0 |
         Sewer |    776 |    776 |      0 |      0 |    602 |   1 |  776.0 |
               +--------+--------+--------+--------+--------+-----+--------+

Top non-repeatable levels by time:
     D:5: 2999 daAuts
     D:8: 1571 daAuts
     D:9: 1565 daAuts
     D:6: 1484 daAuts
     D:1: 1111 daAuts
     D:7: 1055 daAuts
     D:4: 1043 daAuts
     D:2: 980 daAuts
     D:3: 848 daAuts
   Sewer: 776 daAuts
    D:10: 200 daAuts
